 Dungeon Crawl Stone Soup version 0.27.1-1-g398f81649c (webtiles) character file.

Game seed: 7472604864345576363

17993 jlumianski the Cleaver (level 12, -6/109 HPs)
             Began as a Deep Dwarf Fighter on Sept 5, 2021.
             Was a Priest of Makhleb.
             Killed from afar by a fire dragon (46 damage)
             ... with a blast of flame
             ... on level 11 of the Dungeon on Sept 7, 2021.
             The game lasted 01:05:33 (9979 turns).

jlumianski the Cleaver (Deep Dwarf Fighter)         Turns: 9979, Time: 01:05:33

Health: -6/109     AC: 18    Str: 25    XL:     12   Next: 23%
Magic:  10/10      EV:  9    Int:  9    God:    Makhleb [***...]
Gold:   597        SH: 17    Dex: 12    Spells: 11/11 levels left

rFire    . . .     SeeInvis .   i - +7 broad axe (vorpal)
rCold    . . .     Faith    .   c - +0 kite shield
rNeg     . . .     Spirit   .   A - +1 chain mail {Will+}
rPois    .         Reflect  +   j - +1 hat
rElec    .         Harm     .   o - +1 cloak
rCorr    +         Rampage  .   g - +1 pair of gloves
Will     +++..                  (no boots)
Stlth    ..........             R - amulet of reflection
HPRegen  0.00/turn              B - ring of willpower
MPRegen  0.12/turn              S - ring of resist corrosion

@: mighty
A: damage resistance, heal wounds, sense surroundings 2, no regeneration
a: Heal Wounds, Renounce Religion, Minor Destruction, Lesser Servant of Makhleb


You were on level 11 of the Dungeon.
You worshipped Makhleb.
Makhleb was most pleased with you.
You visited 2 branches of the dungeon, and saw 12 of its levels.
You also visited: Ossuary.

You collected 597 gold pieces.

Inventory:

Hand Weapons
 a - a +0 war axe of flaming
 i - a +7 vorpal broad axe (weapon)
 s - a +1 dagger of flaming
 z - a +0 hunting sling
 E - a +1 vampiric whip
Missiles
 e - 32 bolts
 k - 64 sling bullets
 l - 218 stones
 r - a throwing net
 u - 23 poisoned darts (quivered)
 x - 11 boomerangs
 U - 4 curare-tipped darts
Armour
 c - a +0 kite shield (worn)
 g - a +1 pair of gloves (worn)
 j - a +1 hat (worn)
 o - a +1 cloak (worn)
 w - +0 steam dragon scales
 A - a +1 chain mail of willpower (worn)
 J - the +0 leather armour of the Trees {rElec rPois rF+ Will+}
   (You found it on level 10 of the Dungeon)

   rF:        It protects you from fire.
   rElec:     It insulates you from electricity.
   rPois:     It protects you from poison.
   Will:      It increases your willpower.
 O - a +0 helmet
Jewellery
 y - a ring of positive energy
 B - a ring of willpower (left hand)
 K - an amulet of magic regeneration
 R - an amulet of reflection (around neck)
 S - a ring of resist corrosion (right hand)
Wands
 m - a wand of mindburst (10)
 p - a wand of polymorph (15)
 I - a wand of iceblast (9)
 L - a wand of flame (12)
 P - a wand of charming (14)
 T - a wand of paralysis (6)
Scrolls
 f - 2 scrolls of blinking
 n - a scroll of magic mapping
 C - a scroll of fog
 F - 6 scrolls of identify
 M - a scroll of fear
 N - 4 scrolls of teleportation
Potions
 b - a potion of heal wounds
 d - 3 potions of might
 h - a potion of cancellation
 q - 3 potions of brilliance
 t - a potion of berserk rage
 v - 4 potions of lignification
 D - 2 potions of ambrosia
 G - a potion of attraction
 H - 3 potions of curing
 Q - 3 potions of haste


   Skills:
 + Level 7.5 Fighting
 + Level 13.2(13.3) Axes
 + Level 1.7(8.2) Maces & Flails
 + Level 3.9 Throwing
 + Level 9.6 Armour
 + Level 3.8 Dodging
 + Level 0.5 Stealth
 + Level 9.5 Shields
 * Level 4.6 Invocations
 * Level 5.6 Evocations


You had 11 spell levels left.
You didn't know any spells.
Your spell library contained the following spells:

 Spells                   Type           Power      Damage    Failure   Level
 Foxfire                  Conj/Fire      0%         2x1d4     99%         1
 Passwall                 Tmut/Erth      0%         N/A       99%         2
 Conjure Flame            Conj/Fire      0%         6-21      100%        3
 Inner Flame              Hex/Fire       0%         N/A       100%        3
 Swiftness                Air            0%         N/A       100%        3
 Animate Dead             Necr           0%         N/A       100%        4
 Cause Fear               Hex            0%         N/A       100%        4
 Blade Hands              Tmut           0%         N/A       100%        5
 Borgnjor's Vile Clutch   Necr/Erth      0%         N/A       100%        5
 Irradiate                Conj/Tmut      0%         3d13      100%        5
 Death Channel            Necr           0%         N/A       100%        6
 Invisibility             Hex            0%         N/A       100%        6
 Dragon Form              Tmut           0%         N/A       100%        7
 Discord                  Hex            0%         N/A       100%        8
 Dragon's Call            Summ           0%         N/A       100%        9


Dungeon Overview and Level Annotations

Branches:
Dungeon (11/15)            Temple (1/1) D:7            Lair (0/6) D:8
    Orc (0/2) D:11        Ossuary (visited)

Altars:
Ashenzari
Dithmenos
Elyvilon
Fedhas
Kikubaaqudgha
Makhleb
Trog
Wu Jian
Xom
Yredelemnul
Zin
The Shining One

Shops:
D:2 *

Annotations:
D:3 1 runed translucent door, Crazy Yiuf


Innate Abilities, Weirdness & Mutations

You are resistant to damage.
You can heal yourself by infusing magical energy.
You passively map the area around you.
You do not regenerate.


Message History

The fire dragon bites you but does no damage.
You block the fire dragon's attack.
The fire dragon tramples you but does no damage.
The fire dragon breathes flames at you. The blast of flame hits you!!
* * * LOW HITPOINT WARNING * * *
Your magical essence is drained by the effort!
You feel much better.
The fire dragon bites you but does no damage.
You block the fire dragon's attack. x2
What are your orders? t - Shout!
Orders for allies: a - Attack new target. r - Retreat! s - Stop attacking. g - Guard the area. f - Follow me.
Anything else - Cancel.
You shout for attention!
The fire dragon barely misses you.
The fire dragon claws you but does no damage.
You block the fire dragon's attack. What are your orders? t - Shout!
Orders for allies: a - Attack new target. r - Retreat! s - Stop attacking. g - Guard the area. f - Follow me.
Anything else - Cancel.
You shout for attention!
You block the fire dragon's attack.
The fire dragon claws you but does no damage.
The fire dragon tramples you but does no damage.
What are your orders? t - Shout!
Orders for allies: a - Attack new target. r - Retreat! s - Stop attacking. g - Guard the area. f - Follow me.
Anything else - Cancel.
You shout for attention!
The fire dragon breathes flames at you. The blast of flame hits you!!!
You die...

#..#.#
#..#.#
#..#.#
#..#.#
#..#.# * *
#####..#.#
,
.......#.#
** #..D.#
#..#@#
######


You could see a fire dragon (catching breath).

Vanquished Creatures
  Gastronok (D:8)
  The ghost of pkoi the Grappler, a journeyman TrFi of Fedhas (D:11)
  Erica (D:8)
  A two-headed ogre (D:10)
  A dancing weapon (D:11)
  3 death yaks (D:7)
  Nergalle (D:10)
  A cyclops (D:9)
  A centaur zombie (D:10)
  Joseph (D:8)
  Maurice (D:8)
  Psyche (D:8)
  A troll (D:7)
  Prince Ribbit (D:6)
  Sigmund (D:4)
  2 shadows (D:11)
  2 wraiths (Ossuary)
  26 yaks
  A steam dragon (D:9)
  2 vampire mosquitoes
  4 wargs (D:10)
  2 acid dragons
  7 orc warriors
  2 black bears
  An ice beast (D:6)
  2 ogres
  2 centaurs (D:9)
  A kobold brigand (D:9)
  A gnoll sergeant (D:3)
  2 scorpions
  4 bullfrogs
  A wyvern skeleton (D:5)
  4 killer bees
  13 wights
  5 howler monkeys
  A bullfrog zombie (D:6)
  A hound (D:6)
  2 centaur skeletons
  5 orc priests
  2 gnoll shamans
  Ijyb (D:4)
  2 iguanas
  15 orc wizards
  3 hell rats (D:7)
  A killer bee zombie (D:7)
  A howler monkey skeleton (D:7)
  A river rat (D:7)
  6 adders
  10 gnolls
  2 ufetubi
  An adder zombie (D:5)
  2 worms
  29 orcs
  6 ball pythons
  6 bats
  6 endoplasms
  5 goblins
  4 hobgoblins
  4 jackals
  6 kobolds
  7 quokkas
  A ball python skeleton (Ossuary)
  2 frilled lizards
  A hobgoblin skeleton (Ossuary)
  A hobgoblin zombie (Ossuary)
  3 orc zombies (Ossuary)
  8 rats
  A spectral orc (D:5)
247 creatures vanquished.

Notes
Turn   | Place    | Note
-------+----------+-------------------------------------------
     0 | D:1      | jlumianski the Deep Dwarf Fighter began the quest for the
                  | Orb.
     0 | D:1      | Reached XP level 1. HP: 20/20 MP: 1/1
   183 | D:1      | Reached XP level 2. HP: 17/27 MP: 2/2
   978 | D:2      | Found a glowing golden altar of the Shining One.
  1169 | D:2      | Reached XP level 3. HP: 13/34 MP: 3/3
  1349 | D:2      | Found Hizul's General Store.
  2060 | D:3      | Found a runed translucent door.
  2061 | D:3      | Noticed Crazy Yiuf
  2089 | D:3      | Reached skill level 3 in Axes
  2214 | D:2      | Reached XP level 4. HP: 42/42 MP: 4/4
  2403 | D:3      | Reached skill level 1 in Dodging
  2672 | D:3      | Reached XP level 5. HP: 23/49 MP: 5/5
  2969 | D:3      | Reached skill level 4 in Axes
  3120 | D:4      | Noticed an ogre
  3153 | D:3      | Killed an ogre
  3154 | D:3      | Reached skill level 1 in Throwing
  3154 | D:3      | Reached XP level 6. HP: 25/56 MP: 6/6
  3412 | D:4      | Reached skill level 5 in Axes
  3491 | D:3      | Reached skill level 5 in Shields
  3491 | D:3      | Reached XP level 7. HP: 31/63 MP: 6/6
  3573 | D:4      | Noticed Ijyb
  3587 | D:4      | Killed Ijyb
  3588 | D:4      | Reached skill level 5 in Armour
  3658 | D:4      | Noticed Sigmund
  3664 | D:4      | Killed Sigmund
  3825 | D:5      | Entered Level 5 of the Dungeon
  4034 | D:5      | Found a sand-covered staircase.
  4045 | Ossuary  | Entered an ossuary
  4129 | Ossuary  | Reached skill level 6 in Axes
  4196 | Ossuary  | Noticed a wraith
  4196 | Ossuary  | Noticed a flying skull
  4211 | Ossuary  | Noticed a flying skull
  4236 | Ossuary  | Noticed a flying skull
  4253 | Ossuary  | Noticed a flying skull
  4270 | Ossuary  | Noticed a flying skull
  4281 | Ossuary  | Noticed a wraith
  4297 | Ossuary  | Killed a wraith
  4298 | Ossuary  | Reached XP level 8. HP: 41/73 MP: 6/6
  4324 | Ossuary  | Reached skill level 7 in Axes
  4568 | D:4      | Identified a scroll of acquirement
  4568 | D:4      | Acquired a +5 vorpal broad axe
  4821 | D:5      | Found a basalt altar of Yredelemnul.
  5383 | D:6      | Reached skill level 8 in Axes
  5530 | D:6      | Found a broken altar of Ashenzari.
  5543 | D:6      | Gained mutation: You passively map the area around you.
                  | [Deep Dwarf growth]
  5543 | D:6      | Reached XP level 9. HP: 26/80 MP: 7/7
  5635 | D:6      | Noticed Prince Ribbit
  5648 | D:6      | Killed Prince Ribbit
  5649 | D:6      | Reached skill level 5 in Fighting
  6024 | D:7      | Found a staircase to the Ecumenical Temple.
  6039 | Temple   | Entered the Ecumenical Temple
  6054 | Temple   | Became a worshipper of Makhleb the Destroyer
  6101 | D:7      | Noticed a troll
  6107 | D:7      | Killed a troll
  6108 | D:7      | Reached skill level 9 in Axes
  6615 | D:8      | Found an ornate altar of the Wu Jian Council.
  6622 | D:8      | Found an ancient bone altar of Kikubaaqudgha.
  6622 | D:8      | Found a white marble altar of Elyvilon.
  6646 | D:8      | Noticed Joseph
  6659 | D:8      | Killed Joseph
  6840 | D:8      | Noticed a death yak
  6844 | D:8      | Found a staircase to the Lair.
  6844 | D:8      | Noticed a death yak
  6845 | D:8      | Noticed a death yak
  6883 | D:7      | Reached * piety under Makhleb
  6887 | D:7      | Killed a death yak
  6888 | D:7      | Reached XP level 10. HP: 22/90 MP: 8/8
  6899 | D:7      | Killed a death yak
  6900 | D:7      | Reached skill level 10 in Axes
  6900 | D:7      | Reached skill level 1 in Maces & Flails
  6911 | D:7      | Killed a death yak
  6917 | D:8      | Noticed Gastronok
  6939 | D:8      | Killed Gastronok
  6940 | D:8      | Reached skill level 11 in Axes
  6940 | D:8      | Reached skill level 1 in Evocations
  7253 | D:8      | Noticed Erica
  7263 | D:8      | Killed Erica
  7391 | D:8      | Noticed Psyche
  7395 | D:8      | Killed Psyche
  7396 | D:8      | Reached XP level 11. HP: 45/99 MP: 9/9
  7411 | D:8      | Noticed Maurice
  7421 | D:8      | Killed Maurice
  7896 | D:9      | Reached skill level 12 in Axes
  7938 | D:9      | Reached ** piety under Makhleb
  8018 | D:9      | Reached skill level 1 in Invocations
  8352 | D:9      | Found a shadowy altar of Dithmenos.
  8421 | D:10     | Entered Level 10 of the Dungeon
  8792 | D:10     | Noticed a two-headed ogre
  8797 | D:10     | Noticed Nergalle
  8806 | D:10     | Killed a two-headed ogre
  8819 | D:10     | Killed Nergalle
  9227 | D:10     | Reached *** piety under Makhleb
  9234 | D:10     | Reached XP level 12. HP: 53/109 MP: 11/11
  9264 | D:10     | Reached skill level 13 in Axes
  9265 | D:10     | Reached skill level 5 in Evocations
  9287 | D:10     | Identified the +0 leather armour of the Trees {rElec rPois
                  | rF+ Will+}
  9316 | D:10     | Upgraded the game from 0.27.1 to 0.27.1-1-g398f81649c
  9873 | D:11     | Found a runed translucent door.
  9874 | D:11     | Found a shimmering altar of Xom.
  9874 | D:11     | Noticed pkoi's ghost (journeyman TrFi)
  9917 | D:11     | Killed pkoi's ghost
  9969 | D:11     | Noticed a fire dragon
  9979 | D:11     | Killed from afar by a fire dragon

Illustrated notes

Levels and vault maps discovered:
D:1:      sevenhm_arrival_forest_fort_small_3, layout_basic, minivault_5,
          minmay_misc_feat_four_crosses, minmay_door_square
D:2:      layout_basic, basic_altar, serial_shops, shop
D:3:      layout_loops_ring, uniq_crazy_yiuf_cottage
D:4:      layout_rooms, lightli_minifort, uniq_sigmund, uniq_ijyb
D:5:      layout_basic, yredelemnul_forgotten_temple_becter,
          chequers_ossuary_entry_cave
D:6:      layout_basic, cheibrodos_ashenzari_chains, uniq_prince_ribbit1
D:7:      layout_cave_pools, minmay_temple_entry_statues
D:8:      layout_loops_ring, grunt_temple_overflow_open, dpeg_lair_monsters,
          uniq_erica, uniq_gastronok, uniq_joseph, uniq_psyche, uniq_maurice
D:9:      layout_roguey, mainiacjoe_overflow_chevrons,
          chequers_serial_rivers_micro_d, kennysheep_generic_room_5
D:10:     layout_big_octagon, nooodl_orcs_dogs, uniq_nergalle
D:11:     layout_basic, orc_0_dummy, ebering_ghost_xom
Temple:   eino_temple_scatter_basement

Skill      XL: |  1  2  3  4  5  6  7  8  9 10 11 12 |
---------------+-------------------------------------+-----
Fighting       | 3 4 5 6 7 |  7.5
Axes           | 3 4 5 6 8 9 11 12 13 | 13.2
Shields        | 4 5 6 7 8 9 |  9.5
Dodging        | 1 2 3 |  3.8
Armour         | 4 5 6 8 9 |  9.6
Throwing       | 1 2 3 |  3.9
Maces & Flails | 1 |  1.7
Evocations     | 1 4 5 |  5.6
Invocations    | 3 4 |  4.6
Stealth        | |  0.5

Action                   |  1- 3 |  4- 6 |  7- 9 | 10-12 || total
-------------------------+-------+-------+-------+-------++-------
Melee: War axe           |   138 |   166 |   120 |       ||   424
       Broad axe         |       |       |   132 |   326 ||   458
       Whip              |       |       |    31 |    29 ||    60
Throw: Stone             |     8 |       |       |       ||     8
       Dart              |     7 |    26 |    20 |    20 ||    73
       Boomerang         |       |     1 |       |     8 ||     9
Invok: Minor Destruction |       |       |       |     3 ||     3
       Lesser Servant of |       |       |       |     1 ||     1
 Abil: Heal Wounds       |     3 |     8 |    10 |    19 ||    40
Evoke: Wand              |       |       |     2 |     5 ||     7
  Use: Potion            |     2 |     2 |     3 |     1 ||     8
       Scroll            |       |     2 |    17 |     4 ||    23
Armor: Scale mail        |    77 |    35 |       |       ||   112
       Chain mail        |       |    99 |   148 |   153 ||   400
Dodge: Dodged            |    47 |    40 |    77 |    99 ||   263
Block: Kite shield       |    79 |    97 |   161 |   221 ||   558
